 Dungeon Crawl Stone Soup version 0.22-a0-460-g49b1da7 (webtiles) character file.

112228 Mgcat the Severer (level 16, -9/140 HPs)
             Began as a Minotaur Berserker on June 8, 2018.
             Was the Champion of Trog.
             Killed from afar by Aizul (31 damage)
             ... with a bolt of poison
             ... on level 2 of the Shoals on June 9, 2018.
             The game lasted 01:05:55 (22533 turns).

Mgcat the Severer (Minotaur Berserker)             Turns: 22533, Time: 01:05:55

Health: -9/140     AC: 27    Str: 26    XL:     16   Next: 11%
Magic:  26/26      EV: 17    Int:  9    God:    Trog [******]
Gold:   2331       SH:  0    Dex: 12    Spells: 15/15 levels left

rFire    . . .     SeeInvis .   b - +7 battleaxe (flame)
rCold    . . .     Gourm    .   (shield currently unavailable)
rNeg     . . .     Faith    .   F - +2 plate armour
rPois    .         Spirit   .   (helmet restricted)
rElec    +         Reflect  .   L - +1 cloak
rCorr    +         Harm     .   T - +0 pair of gloves "Weopnygh" {rElec rCorr Str+2 Int+2}
MR       +....                  N - +1 pair of boots
Stlth    ..........             q - amulet of regeneration {+regen, !d}
HPRegen  0.73/turn              d - +5 ring of protection
MPRegen  0.20/turn              P - +5 ring of evasion

@: lethally poisoned (-9 -> -27), berserk cooldown, very slightly contaminated,
hasted and slowed
A: retaliatory headbutt, horns 2
a: Berserk, Trog's Hand, Brothers in Arms, Renounce Religion


You were on level 2 of the Shoals.
You worshipped Trog.
Trog was exalted by your worship.
You were very hungry.

You visited 4 branches of the dungeon, and saw 25 of its levels.
You also visited: Labyrinth and Ice Cave.

You collected 2445 gold pieces.
You spent 114 gold pieces at shops.

Inventory:

Hand Weapons
 b - a +7 battleaxe of flaming (weapon)
   (Trog gifted it to you on level 2 of the Orcish Mines)
 I - a +2 antimagic executioner's axe
   (Trog gifted it to you on level 14 of the Dungeon)
Missiles
 g - 22 javelins of penetration (quivered)
 p - 5 throwing nets {=f, !d}
Armour
 n - a +2 cloak
   (You found it on level 15 of the Dungeon)
 F - a +2 plate armour (worn)
   (You found it on level 4 of the Dungeon)
 L - a +1 cloak (worn)
   (You took it off Maurice on level 10 of the Dungeon)
 N - a +1 pair of boots (worn)
   (You found it on level 10 of the Dungeon)
 T - the +0 pair of gloves "Weopnygh" (worn) {rElec rCorr Str+2 Int+2}
   (You found it on level 14 of the Dungeon)

   It affects your strength (+2).
   It affects your intelligence (+2).
   It insulates you from electricity.
   It protects you from acid and corrosion.
Jewellery
 a - an uncursed ring of see invisible {unknown}
   (You found it on level 1 of the Shoals)
 d - a +5 ring of protection (left hand)
   (You found it on level 1 of the Dungeon)
 q - an amulet of regeneration (around neck) {+regen, !d}
   (You found it on level 2 of the Dungeon)
 u - a +4 ring of slaying
   (You found it on level 14 of the Dungeon)
 A - an uncursed ring of resist corrosion
   (You found it on level 3 of the Dungeon)
 E - an uncursed ring of protection from magic {MR+, !d}
   (You found it on level 4 of the Dungeon)
 P - a +5 ring of evasion (right hand)
   (You found it on level 14 of the Dungeon)
 W - a cursed -3 ring of evasion
   (You found it on level 2 of the Shoals)
Wands
 i - a wand of digging (24)
   (You found it on level 8 of the Dungeon)
 R - a wand of iceblast (5)
   (You found it on level 2 of the Lair of Beasts)
 U - a wand of acid (9)
   (You found it on level 13 of the Dungeon)
 Y - a wand of clouds (7)
   (You found it on level 13 of the Dungeon)
Scrolls
 e - 4 scrolls of magic mapping {!r}
 j - a scroll of enchant weapon
 m - 3 scrolls of fog
 s - 10 scrolls of teleportation
 y - 17 scrolls of remove curse
 J - a scroll of holy word {!r}
 K - 3 scrolls of immolation {!r}
 O - 10 scrolls of identify
 Q - 6 scrolls of fear
Potions
 f - a potion of berserk rage {!q}
 h - 4 potions of invisibility
 k - 5 potions of mutation {!q}
 l - 5 potions of lignification {!q}
 o - 4 potions of might
 t - 4 potions of agility
 v - a potion of ambrosia
 w - a potion of heal wounds
 x - 5 potions of cancellation
 z - 3 potions of brilliance
 B - 4 potions of resistance
 C - 5 potions of haste
 G - 2 potions of flight {unknown}
 S - 5 potions of curing
 V - a potion of magic
Miscellaneous
 D - a lightning rod (4/4)
   (You found it on level 10 of the Dungeon)
 H - a phantom mirror
 X - a fan of gales
   (You found it on level 4 of the Lair of Beasts)
Comestibles
 c - 56 rations
 M - 6 chunks of flesh {@w0}


   Skills:
 + Level 12.3 Fighting
 + Level 20.9 Axes
 + Level 9.4 Armour
 + Level 9.5 Dodging
 - Level 15.0 Evocations


You had 15 spell levels left.
You didn't know any spells.
Your spell library was empty.

Dungeon Overview and Level Annotations

Branches:
Dungeon (15/15)            Temple (0/1) D:7            Lair (6/6) D:9
 Shoals (2/4) Lair:3       Spider (0/4) Lair:3        Slime (0/5) Lair:6
    Orc (2/2) D:9             Elf (0/3) Orc:2        Vaults (0/5) D:14
 Depths (0/5) D:15

Altars:
Ashenzari
Fedhas
Kikubaaqudgha
Beogh
Jiyva

Shops:
D:8 ?   Orc:2 =*[=(

Annotations:
D:15 exclusion: obsidian statue
Lair:5 exclusion: oklob plant
Lair:6 exclusion: oklob plant
Shoals:1 1 runed door
Shoals:2 Aizul


Innate Abilities, Weirdness & Mutations

You reflexively headbutt those who attack you in melee.
You have a pair of horns on your head.


Message History

You feel very sick. Aizul casts a spell at you. The bolt of poison misses you.
The faun unwields an uncursed spear.
The faun wields a hunting sling.
The faun shoots a sling bullet.
The sling bullet hits you but does no damage.
The faun hits you from afar with an uncursed spear!
You closely miss Aizul. Your headbutt misses Aizul.
Aizul is severely wounded.
You feel sick. Aizul closely misses you.
You feel very sick.
Aizul coils herself and waves her upper body at you.
The bolt of poison misses you.
The faun shoots a sling bullet.
The sling bullet misses you.
The centaur wields a shortbow.
The centaur shoots an arrow.
The arrow closely misses you.
You hear a splash.
You see here a sling bullet.
You feel a strong urge to attack something.
You feel sick. Aizul misses you.
The centaur unwields an uncursed shortbow.
The centaur hits you but does no damage.
Aizul hits you but does no damage.
The satyr unwields an uncursed quarterstaff.
The satyr wields an uncursed longbow.
The satyr shoots an arrow.
The arrow hits you.
Things that are here:
an arrow; a sling bullet You miss the faun.
You headbutt the faun!!
The faun is almost dead.
Your plate armour prevents you from hitting Aizul.
You closely miss the centaur.
You feel sick. Aizul hits you! The faun completely misses you.
You feel less confused.
You are no longer berserk.
You are exhausted.
You feel as though you will be slow longer.
You feel very sick.
The faun no longer looks unusually strong.
Aizul hits you but does no damage. The faun barely misses you.
The satyr shoots an arrow.
The arrow hits you!!
You see here an arrow.
You are feeling very hungry.
You slice Aizul!! You burn Aizul!
Aizul is almost dead.
You slice the satyr!! You burn the satyr. You slice the faun!!
You burn the faun.
You feel sick.
Aizul hisses menacingly.
Aizul casts a spell at you. The bolt of poison misses you.
The centaur wields an uncursed shortbow.
The centaur shoots an arrow.
The arrow barely misses you.
You hear a splash.
The faun hits you with a quarterstaff!!
* * * LOW HITPOINT WARNING * * *
Aizul casts a spell at you.
You barely resist.
The faun hits you from afar with an uncursed spear!!
* * * LOW HITPOINT WARNING * * *
Okay, then.
Really read
r - a scroll of blinking {!r}?
Blink to where?
Press: ? - help, Dir - move target cursor You are very lightly contaminated with residual magic.
As you read the scroll of blinking {!r}, it crumbles to dust.
You are no longer terrified.
You feel very sick.
The centaur shoots an arrow.
The arrow hits you!
* * * LOW HITPOINT WARNING * * *
As you read the scroll of fog, it crumbles to dust.
The scroll dissolves into smoke.
* * * LOW HITPOINT WARNING * * *
You feel very sick.
The faun no longer looks unusually strong.
The centaur shoots an arrow.
The arrow hits you but does no damage.
Aizul says, "Feeling sleepy?"
The faun points at you and mumbles some strange words.
You resist with some effort.
The faun unwields an uncursed spear.
The faun wields an uncursed hunting sling.
The faun shoots a stone.
The stone misses you.
* * * LOW HITPOINT WARNING * * *
You feel sick.
You feel much better.
You feel very sick.
Aizul coils herself and waves her upper body at you.
The poison arrow misses you.
You feel yourself speed up.
You feel sick. Aizul hits you but does no damage.
Aizul coils herself and waves her upper body at you.
You fall asleep.
You feel sick. Aizul misses you.
Aizul hisses menacingly.
Aizul hits you.
You wake up.
* * * LOW HITPOINT WARNING * * *
Unknown command.
Unknown command.
Unknown command.
Unknown command.
Your stone giant goes berserk!
You feel quite a bit more hungry.
You feel sick.
Aizul coils herself and waves her upper body at you.
The bolt of poison hits you!
You are more poisoned.
You die...

≈≈≈≈≈≈≈≈≈≈≈≈≈≈≈≈
≈≈≈≈≈≈≈≈≈≈≈≈≈≈≈≈
≈..≈≈≈≈≈≈≈≈≈≈≈≈≈≈
≈≈≈≈≈≈≈≈..≈≈≈≈≈≈≈≈≈≈≈≈≈≈≈
≈≈≈≈≈≈≈...≈≈≈≈≈≈§≈≈≈≈≈≈≈≈.
≈≈≈≈≈≈≈.....≈§§§§§≈≈≈≈......#
......≈.....§§§§§...........##.
............§§@§§§.............
............§§§S§§............
.......)...§.C§§§§..........#
.....................c...?..#..
.......<))........cc.(......)..
........()(....≈≈≈c≈..cc.......
.............≈≈≈(≈≈c≈(§cc...##.
............≈≈≈≈≈≈≈≈≈...c...#
.......>≈.(≈≈≈≈≈≈≈≈≈≈≈.........


You could see Aizul and a friendly stone giant (berserk).

Vanquished Creatures
  A frost giant (IceCv)
  An orc warlord (Orc:2)
  A minotaur (Lab)
  A yaktaur captain (D:15)
  Erolcha (D:10)
  Harold (D:11)
  A vault guard (D:14)
  3 hydras
  Fannar (Lair:3)
  2 catoblepae
  Erica (Orc:1)
  2 centaur warriors
  12 two-headed ogres
  A merfolk aquamancer (Shoals:2)
  17 death yaks
  A satyr (Shoals:2)
  A deep troll earth mage (D:14)
  A deep troll shaman (Lair:6)
  An orc high priest (Orc:2)
  2 sea snakes (Shoals:1)
  3 skeletal warriors (D:15)
  3 unseen horrors
  A phantasmal warrior (D:14)
  A wizard (D:12)
  A lindwurm (Lair:6)
  Pikel (D:7)
  A wolf spider zombie (D:14)
  5 fauns
  3 deep elf magi
  5 orc knights
  16 ugly things
  3 orc sorcerers (Orc:2)
  3 cyclopes
  3 elephants (Lair:6)
  3 manticores
  4 black mambas
  4 centaur zombies
  Maurice (D:10)
  3 merfolk sirens
  A torpor snail (Lair:6)
  A guardian serpent (shapeshifter) (D:14)
  3 gargoyles
  10 spiny frogs
  Psyche (D:10)
  An ice statue (IceCv)
  A yaktaur (D:15)
  5 komodo dragons
  2 rime drakes (Lair:5)
  2 ice devils (Orc:2)
  A kobold demonologist (D:11)
  3 freezing wraiths (D:14)
  6 merfolk
  A jumping spider (Lair:3)
  2 queen bees
  6 trolls
  6 meliai
  9 blink frogs
  2 hornets (D:12)
  15 polar bears (IceCv)
  13 hippogriffs
  A snapping turtle (Shoals:1)
  Sigmund (D:6)
  A spriggan (shapeshifter) (D:13)
  A vampire (D:15)
  61 yaks
  2 basilisks (Lair:3)
  3 water elementals (Shoals:2)
  2 wraiths
  5 wyverns
  6 shadows
  The ghost of Nib the Ruffian, an amateur DrTm (D:4)
  4 hungry ghosts
  7 vampire mosquitoes
  Menkaure (D:6)
  3 wargs (Orc:2)
  A soldier ant (D:12)
  8 porcupines
  21 orc warriors
  16 water moccasins
  3 sky beasts
  An eye of draining (shapeshifter) (D:15)
  3 ice beasts
  3 black bears
  A boggart (D:14)
  7 ogres
  3 eyes of draining
  The ghost of Shymer the Gusty, an amateur DgAE (D:3)
  15 centaurs
  17 wolves
  11 crocodiles
  2 big kobolds
  Blork the orc (D:6)
  20 bullfrogs
  2 scorpions
  59 killer bees
  7 wights
  3 howler monkeys
  4 crimson imps
  A wyvern simulacrum (D:14)
  4 bullfrog zombies
  7 hounds
  3 jellies
  6 centaur skeletons
  11 orc priests
  30 orc wizards
  4 iguanas
  Jessica (D:2)
  A bullfrog skeleton (D:4)
  A gnoll shaman (D:6)
  4 hell rats (Lair:5)
  16 worker ants
  A killer bee zombie (D:5)
  A howler monkey zombie (D:5)
  3 worker ant zombies
  Robin (D:2)
  4 gnolls (D:6)
  A howler monkey skeleton (D:7)
  13 adders
  6 river rats (Lair:5)
  5 shadow imps
  2 adder zombies
  2 adder skeletons
  2 worms
  2 dart slugs
  2 leopard geckos
  86 orcs
  6 bats
  5 giant cockroaches
  19 goblins
  14 hobgoblins
  14 jackals
  3 quokkas
  2 ball pythons (D:2)
  A ball python skeleton (D:5)
  A ball python zombie (D:5)
  A frilled lizard (D:2)
  9 kobolds
  A quokka skeleton (D:5)
  13 rats
  12 fungi
836 creatures vanquished.

Vanquished Creatures (others)
  A polar bear (IceCv)
  3 slaves (D:7)
  2 wolves (IceCv)
  6 fungi
  5 plants
17 creatures vanquished.

Grand Total: 853 creatures vanquished

Notes
Turn   | Place    | Note
-------+----------+-------------------------------------------
     0 | D:1      | Mgcat the Minotaur Berserker began the quest for the Orb.
     0 | D:1      | Reached XP level 1. HP: 19/19 MP: 0/0
   105 | D:1      | Reached skill level 4 in Axes
   164 | D:1      | Reached XP level 2. HP: 26/26 MP: 1/1
   674 | D:2      | Reached skill level 5 in Axes
   808 | D:2      | Reached XP level 3. HP: 31/31 MP: 2/2
   841 | D:2      | Reached ** piety under Trog
   845 | D:2      | Noticed Robin
   848 | D:2      | Noticed Jessica
   855 | D:2      | Found an ancient bone altar of Kikubaaqudgha.
   856 | D:2      | Killed Jessica
   856 | D:2      | Reached skill level 6 in Axes
   856 | D:2      | Reached XP level 4. HP: 30/39 MP: 3/3
   857 | D:2      | Killed Robin
  1757 | D:3      | Reached *** piety under Trog
  1762 | D:3      | Reached XP level 5. HP: 31/45 MP: 4/4
  1786 | D:3      | Noticed Shymer's ghost (amateur DgAE)
  1794 | D:3      | Killed Shymer's ghost
  1794 | D:3      | Reached skill level 7 in Axes
  2148 | D:4      | Reached skill level 8 in Axes
  2153 | D:4      | Reached XP level 6. HP: 42/51 MP: 5/5
  2560 | D:4      | Noticed Nib's ghost (amateur DrTm)
  2570 | D:4      | Killed Nib's ghost
  2570 | D:4      | Reached skill level 9 in Axes
  2706 | D:4      | Reached XP level 7. HP: 40/57 MP: 6/6
  3000 | D:4      | Reached skill level 10 in Axes
  3519 | D:5      | Entered Level 5 of the Dungeon
  3766 | D:5      | Reached **** piety under Trog
  3820 | D:5      | Reached skill level 11 in Axes
  3866 | D:5      | Reached XP level 8. HP: 64/64 MP: 7/7
  4275 | D:6      | Noticed Menkaure
  4275 | D:6      | Noticed Sigmund
  4285 | D:6      | HP: 18/96 [Menkaure (16)]
  4286 | D:6      | HP: 7/96 [Menkaure (12)]
  4288 | D:6      | Killed Menkaure
  4288 | D:6      | Reached skill level 12 in Axes
  4294 | D:6      | Killed Sigmund
  4651 | D:6      | Noticed Blork the orc
  4661 | D:6      | Killed Blork the orc
  4724 | D:6      | Reached skill level 13 in Axes
  4905 | D:7      | Found a staircase to the Ecumenical Temple.
  5181 | D:7      | Noticed Pikel
  5192 | D:7      | Killed Pikel
  5192 | D:7      | Reached skill level 14 in Axes
  5192 | D:7      | Reached XP level 9. HP: 70/70 MP: 8/8
  5296 | D:7      | Reached skill level 4 in Fighting
  5335 | D:7      | Reached skill level 5 in Fighting
  5444 | D:7      | Reached skill level 3 in Armour
  5699 | D:8      | Reached skill level 4 in Armour
  5843 | D:8      | Reached skill level 5 in Armour
  5853 | D:8      | Noticed a two-headed ogre
  5858 | D:8      | Reached ***** piety under Trog
  5858 | D:8      | Reached skill level 3 in Dodging
  5864 | D:8      | Killed a two-headed ogre
  5864 | D:8      | Reached skill level 6 in Dodging
  5884 | D:8      | Reached XP level 10. HP: 63/81 MP: 9/9
  6015 | D:8      | Found Zaza's Magic Scroll Shoppe.
  6023 | D:8      | Bought a scroll of magic mapping for 42 gold pieces
  6023 | D:8      | Bought a scroll of identify for 24 gold pieces
  6023 | D:8      | Bought a scroll of identify for 24 gold pieces
  6023 | D:8      | Bought a scroll of fog for 24 gold pieces
  6264 | D:9      | Reached skill level 15 in Axes
  6273 | D:9      | Noticed a two-headed ogre
  6279 | D:9      | Killed a two-headed ogre
  6350 | D:9      | Found a staircase to the Orcish Mines.
  6353 | D:9      | Noticed a two-headed ogre
  6370 | D:9      | Killed a two-headed ogre
  6370 | D:9      | Reached skill level 16 in Axes
  6445 | D:9      | Upgraded the game from 0.22-a0-458-gb446440 to 0.22-a0-460-g49b1da7
  6495 | D:9      | Found a staircase to the Lair.
  6536 | D:9      | Reached skill level 17 in Axes
  6636 | D:9      | Noticed a two-headed ogre
  6643 | D:9      | Killed a two-headed ogre
  6643 | D:9      | Reached XP level 11. HP: 88/88 MP: 10/10
  6777 | D:9      | Noticed a two-headed ogre
  6782 | D:9      | Killed a two-headed ogre
  7131 | D:10     | Entered Level 10 of the Dungeon
  7207 | D:10     | Noticed Maurice
  7215 | D:10     | Killed Maurice
  7465 | D:10     | Reached skill level 18 in Axes
  7468 | D:10     | Received a gift from Trog
  7534 | D:10     | Noticed Erolcha
  7543 | D:10     | Killed Erolcha
  7832 | D:10     | Noticed Psyche
  7839 | D:10     | Killed Psyche
  8139 | D:11     | Reached skill level 19 in Axes
  8151 | D:11     | Noticed a brown ugly thing
  8158 | D:11     | Killed a brown ugly thing
  8464 | D:11     | Noticed Harold
  8484 | D:11     | Killed Harold
  8757 | D:11     | Noticed a white ugly thing
  8760 | D:11     | Reached XP level 12. HP: 77/94 MP: 11/11
  8764 | D:11     | Reached skill level 20 in Axes
  8770 | D:11     | Reached skill level 6 in Fighting
  8939 | D:11     | Noticed a two-headed ogre
  8946 | D:11     | Killed a two-headed ogre
  8946 | D:11     | Reached skill level 7 in Fighting
  9503 | Lair:1   | Entered Level 1 of the Lair of Beasts
  9589 | Lair:1   | Reached skill level 8 in Fighting
  9770 | Lair:1   | Received a gift from Trog
  9790 | Lair:1   | Reached skill level 9 in Fighting
 10388 | Lair:2   | Reached skill level 10 in Fighting
 10633 | Lair:2   | Reached skill level 1 in Evocations
 10685 | Lair:2   | Reached skill level 2 in Evocations
 10918 | Lair:3   | Found a labyrinth entrance.
 10927 | Lab      | Entered a labyrinth
 11028 | Lab      | Noticed a minotaur
 11035 | Lab      | Killed a minotaur
 11035 | Lab      | Reached skill level 3 in Evocations
 11074 | Lab      | Got a fine shortbow
 11078 | Lair:3   | Identified the +7 shortbow "Peton" {flame, Fragile rElec rC+ MR+++} (You found it in a labyrinth)
 11203 | Lair:3   | Noticed Fannar
 11209 | Lair:3   | Reached skill level 4 in Evocations
 11215 | Lair:3   | Killed Fannar
 11215 | Lair:3   | Reached skill level 5 in Evocations
 11216 | Lair:3   | Found a staircase to the Shoals.
 11386 | Lair:3   | Found a hole to the Spider Nest.
 11446 | Lair:3   | Reached skill level 6 in Evocations
 12002 | Lair:4   | Noticed a death yak
 12009 | Lair:4   | Noticed a death yak
 12013 | Lair:4   | Noticed a death yak
 12013 | Lair:4   | Noticed a death yak
 12016 | Lair:4   | Killed a death yak
 12016 | Lair:4   | Reached skill level 7 in Evocations
 12016 | Lair:4   | Reached XP level 13. HP: 113/113 MP: 15/17
 12072 | Lair:4   | Reached skill level 8 in Evocations
 12719 | Lair:5   | Reached skill level 9 in Evocations
 12817 | Lair:5   | Received a gift from Trog
 12981 | Lair:5   | Reached ****** piety under Trog
 13245 | Lair:5   | Reached skill level 10 in Evocations
 13665 | Lair:6   | Entered Level 6 of the Lair of Beasts
 13683 | Lair:6   | Reached skill level 11 in Evocations
 14076 | Lair:6   | Found a viscous altar of Jiyva.
 14076 | Lair:6   | Found a staircase to the Slime Pits.
 14390 | Lair:6   | Reached skill level 12 in Evocations
 14390 | Lair:6   | Reached XP level 14. HP: 94/121 MP: 20/22
 14907 | Orc:1    | Entered Level 1 of the Orcish Mines
 14907 | Orc:1    | Noticed Erica
 14928 | Orc:1    | Killed Erica
 15053 | Orc:2    | Entered Level 2 of the Orcish Mines
 15057 | Orc:2    | Found a frozen archway.
 15072 | IceCv    | Entered an ice cave
 15143 | IceCv    | Reached skill level 13 in Evocations
 15229 | IceCv    | Received a gift from Trog
 15389 | IceCv    | Noticed a frost giant
 15418 | IceCv    | Killed a frost giant
 15437 | IceCv    | kirsanium: hey
 15499 | IceCv    | kirsanium: how was your febe?
 15522 | IceCv    | Got a dazzling plate armour
 15533 | IceCv    | Identified the +2 plate armour of the Eagle {rPois rF- Dex+6 Stlth+} (You found it in an ice cave)
 15632 | Orc:2    | Found Feugham's Jewellery Shoppe.
 15703 | Orc:2    | Reached skill level 14 in Evocations
 15728 | Orc:2    | Noticed an orc warlord
 15748 | Orc:2    | Killed an orc warlord
 16010 | Orc:2    | Received a gift from Trog
 16040 | Orc:2    | Found a roughly hewn altar of Beogh.
 16129 | Orc:2    | Found Kapnuh's Antique Armour Emporium.
 16131 | Orc:2    | Found Xutheisk's General Store.
 16145 | Orc:2    | Found Jihyvvus's Antique Weapon Emporium.
 16237 | Orc:2    | Found a staircase to the Elven Halls.
 16356 | Orc:2    | Found Ophaomp's Jewellery Emporium.
 17382 | D:12     | Reached skill level 15 in Evocations
 17565 | D:12     | Reached XP level 15. HP: 90/126 MP: 25/25
 18221 | D:13     | Got a fabulously ornate robe
 18641 | D:13     | Received a gift from Trog
 18771 | D:14     | Reached skill level 6 in Armour
 18905 | D:14     | Reached skill level 7 in Dodging
 18939 | D:14     | Received a gift from Trog
 19375 | D:14     | Got a pair of pitted gloves
 19386 | D:14     | Identified the +0 pair of gloves "Weopnygh" {rElec rCorr Str+2 Int+2} (You found it on level 14 of the Dungeon)
 19443 | D:14     | Found a shattered altar of Ashenzari.
 19452 | D:14     | Reached skill level 7 in Armour
 19456 | D:14     | Reached skill level 11 in Fighting
 19736 | D:14     | Found a gate to the Vaults.
 20024 | D:14     | Found a blossoming altar of Fedhas.
 20089 | D:15     | Entered Level 15 of the Dungeon
 20099 | D:15     | Reached skill level 8 in Dodging
 20180 | D:15     | Received a gift from Trog
 20234 | D:15     | Reached skill level 8 in Armour
 20268 | D:15     | HP: 40/198 [skeletal warrior/halberd[a skeletal warrior] (19)]
 20276 | D:15     | HP: 29/132 [poisoned by a green ugly thing]
 20281 | D:15     | HP: 30/132 [poisoned by a green ugly thing]
 20871 | D:15     | Reached skill level 9 in Dodging
 20881 | D:15     | Reached skill level 12 in Fighting
 21044 | D:15     | Found a staircase to the Depths.
 21539 | Shoals:1 | Entered Level 1 of the Shoals
 21736 | Shoals:1 | Reached skill level 9 in Armour
 21826 | Shoals:1 | Reached XP level 16. HP: 139/139 MP: 26/26
 22053 | Shoals:1 | Received a gift from Trog
 22086 | Shoals:1 | Found a runed door.
 22510 | Shoals:2 | Noticed Aizul
 22526 | Shoals:2 | HP: 18/140 [faun/uncursed spear (23)]
 22528 | Shoals:2 | HP: 7/140 [poisoned by Aizul (poison arrow)]
 22533 | Shoals:2 | HP: 22/140 [poisoned by Aizul (poison arrow)]
 22533 | Shoals:2 | Killed from afar by Aizul

Vault maps used:
D:1:      eino_arrival_water_cross, serial_park_tiny_2,
          minmay_misc_feat_diagonals
D:2:      lemuel_crystal_altar, uniq_jessica, uniq_robin
D:3:      first_ration
D:4:      kennysheep_spiral_hall
D:6:      uniq_menkaure, uniq_sigmund, uniq_blork_the_orc
D:7:      minmay_temple_entry_trees, uniq_pikel
D:8:      serial_shops, nicolae_shop_crystal, st_stairs_5
D:9:      due_lair_maze_entry_diamond, erik_orc_4
D:10:     uniq_erolcha, uniq_maurice, uniq_psyche
D:11:     uniq_harold
D:12:     nicolae_whirlpool, hangedman_pestilent_swarm, grunt_potential
D:13:     minmay_variable_closet
D:14:     regret_index_combs_of_tragedy, david_vaults_5,
          evilmike_ruin_ashenzari, lemuel_centaur_altar
D:15:     grunt_enter_depths_snipers, special_room, minivault_27,
          minmay_protected_statue
Lair:3:   elwin_shoals_entry_stream, spider_nest_entry_funnel_web,
          lab_entry_generic, grunt_megastairs_4, uniq_fannar
Lair:5:   minmay_lair_oklob_bushes, kennysheep_abandoned_house
Lair:6:   grunt_lair_end_beastmaster, dpeg_slime_entry_enclosed_altar
Shoals:1: nicolae_shoals_stone_sculpture_thing, lightli_airlock
Shoals:2: cheibrodos_shoals_satyrical_garden, uniq_aizul, uniq_polyphemus,
          uniq_roxanne
Orc:1:    uniq_erica
Orc:2:    grunt_orc_cross, serial_shops, shop, portal_ice_cave_demonic_guard
Lab:      labyrinth_mini_lab
IceCv:    ice_cave_caverns_03

Skill      XL: |  1  2  3  4  5  6  7  8  9 10 11 12 13 14 15 |
---------------+----------------------------------------------+-----
Axes           | 4 5 6 8 9 11 14 17 19 20 | 20.9
Fighting       | 5 10 12 | 12.3
Armour         | 5 9 |  9.4
Dodging        | 6 9 |  9.5
Evocations     | 7 12 15 | 15.0

Action                   |  1- 3 |  4- 6 |  7- 9 | 10-12 | 13-15 | 16-18 || total
-------------------------+-------+-------+-------+-------+-------+-------++-------
Melee: Hand axe          |    59 |   104 |   291 |       |       |       ||   454
       Headbutt          |     5 |    20 |    59 |    74 |   259 |    12 ||   429
       War axe           |       |       |    26 |   201 |       |       ||   227
       Broad axe         |       |       |       |   272 |   542 |       ||   814
       Battleaxe         |       |       |       |       |   571 |    59 ||   630
Invok: Berserk           |     2 |     2 |     8 |    11 |     7 |     1 ||    31
       Trog's Hand       |       |       |     2 |     5 |    10 |       ||    17
       Brothers in Arms  |       |       |       |       |       |     1 ||     1
Evoke: Wand              |       |       |       |       |     6 |       ||     6
  Use: Scroll            |     1 |       |    23 |    11 |     7 |     2 ||    44
       Potion            |       |       |     2 |       |     1 |     2 ||     5
  Eat: Chunk             |     1 |     7 |    16 |    28 |    44 |     3 ||    99
       Ration            |       |       |     1 |     1 |     2 |       ||     4
Armor: Animal skin       |    27 |    32 |     3 |       |       |       ||    62
       Plate armour      |       |       |   157 |   220 |   597 |    40 ||  1014
Dodge: Dodged            |    35 |    67 |    93 |   120 |   386 |    55 ||   756

Table legend:
 A = Spawn XP
 B = Non-spawn XP
 C = Spawn XP percentage of total XP
 D = Spawn monster count
 E = Non-spawn monster count
 F = Spawn count percentage of total count
 G = Total turns spent on level
                    A         B        C        D         E        F      G
               +---------+---------+-------+---------+---------+-------+---------
         Total |       0 |  160327 |   0.0 |       0 |     824 |   0.0 | 22533
               +---------+---------+-------+---------+---------+-------+---------
           D:1 |       0 |      32 |   0.0 |       0 |      20 |   0.0 |   666
           D:2 |       0 |     119 |   0.0 |       0 |      31 |   0.0 |   939
           D:3 |       0 |     185 |   0.0 |       0 |      23 |   0.0 |   531
           D:4 |       0 |     660 |   0.0 |       0 |      22 |   0.0 |  1383
           D:5 |       0 |     478 |   0.0 |       0 |      29 |   0.0 |   640
           D:6 |       0 |     832 |   0.0 |       0 |      20 |   0.0 |   734
           D:7 |       0 |    1603 |   0.0 |       0 |      31 |   0.0 |   744
           D:8 |       0 |    2064 |   0.0 |       0 |      24 |   0.0 |   572
           D:9 |       0 |    6037 |   0.0 |       0 |      48 |   0.0 |  1000
          D:10 |       0 |    3883 |   0.0 |       0 |      24 |   0.0 |   912
          D:11 |       0 |    8582 |   0.0 |       0 |      41 |   0.0 |  1518
          D:12 |       0 |    9194 |   0.0 |       0 |      37 |   0.0 |  1193
          D:13 |       0 |    4501 |   0.0 |       0 |      22 |   0.0 |   972
          D:14 |       0 |   18991 |   0.0 |       0 |      91 |   0.0 |  1343
          D:15 |       0 |   23787 |   0.0 |       0 |      75 |   0.0 |  1281
        Lair:1 |       0 |    3627 |   0.0 |       0 |      16 |   0.0 |   746
        Lair:2 |       0 |    2494 |   0.0 |       0 |      11 |   0.0 |   666
        Lair:3 |       0 |    5094 |   0.0 |       0 |      18 |   0.0 |  1065
        Lair:4 |       0 |    8208 |   0.0 |       0 |      16 |   0.0 |   639
        Lair:5 |       0 |    8065 |   0.0 |       0 |      44 |   0.0 |  1003
        Lair:6 |       0 |   17900 |   0.0 |       0 |      39 |   0.0 |  1160
      Shoals:1 |       0 |    5059 |   0.0 |       0 |      12 |   0.0 |   857
      Shoals:2 |       0 |    4811 |   0.0 |       0 |      10 |   0.0 |   137
         Orc:1 |       0 |    1092 |   0.0 |       0 |       6 |   0.0 |   153
         Orc:2 |       0 |   10509 |   0.0 |       0 |      68 |   0.0 |  1020
           Lab |       0 |    1162 |   0.0 |       0 |       1 |   0.0 |   150
         IceCv |       0 |   11358 |   0.0 |       0 |      45 |   0.0 |   509
               +---------+---------+-------+---------+---------+-------+---------

Vault maps used:
D:1:      eino_arrival_water_cross, serial_park_tiny_2,
          minmay_misc_feat_diagonals
D:2:      lemuel_crystal_altar, uniq_jessica, uniq_robin
D:3:      first_ration
D:4:      kennysheep_spiral_hall
D:6:      uniq_menkaure, uniq_sigmund, uniq_blork_the_orc
D:7:      minmay_temple_entry_trees, uniq_pikel
D:8:      serial_shops, nicolae_shop_crystal, st_stairs_5
D:9:      due_lair_maze_entry_diamond, erik_orc_4
D:10:     uniq_erolcha, uniq_maurice, uniq_psyche
D:11:     uniq_harold
D:12:     nicolae_whirlpool, hangedman_pestilent_swarm, grunt_potential
D:13:     minmay_variable_closet
D:14:     regret_index_combs_of_tragedy, david_vaults_5,
          evilmike_ruin_ashenzari, lemuel_centaur_altar
D:15:     grunt_enter_depths_snipers, special_room, minivault_27,
          minmay_protected_statue
Lair:3:   elwin_shoals_entry_stream, spider_nest_entry_funnel_web,
          lab_entry_generic, grunt_megastairs_4, uniq_fannar
Lair:5:   minmay_lair_oklob_bushes, kennysheep_abandoned_house
Lair:6:   grunt_lair_end_beastmaster, dpeg_slime_entry_enclosed_altar
Shoals:1: nicolae_shoals_stone_sculpture_thing, lightli_airlock
Shoals:2: cheibrodos_shoals_satyrical_garden, uniq_aizul, uniq_polyphemus,
          uniq_roxanne
Orc:1:    uniq_erica
Orc:2:    grunt_orc_cross, serial_shops, shop, portal_ice_cave_demonic_guard
Lab:      labyrinth_mini_lab
IceCv:    ice_cave_caverns_03

Table legend:
 A = Turns spent in this place as a percentage of turns spent in the entire game.
 B = Non-inter-level travel turns spent in this place as a percentage of non-inter-level travel turns spent in the entire game.
 C = Inter-level travel turns spent in this place as a percentage of turns spent in this place.
 D = Turns resting spent in this place as a percentage of non-inter-level travel turns spent in this place.
 E = Turns spent auto-exploring this place as a percentage of non-inter-level travel turns spent in this place.
 F = Non-inter-level travel turns spent in this place divided by the number of levels of this place that you've seen.
                   A       B       C       D       E      F
               +-------+-------+-------+-------+-------+----------------------
         Total | 100.0 | 100.0 |   5.3 |   8.0 |  70.4 | 790.3
       Dungeon |  64.0 |  64.1 |   5.2 |  10.2 |  69.8 | 912.3
          Lair |  23.4 |  23.4 |   5.6 |   4.3 |  77.0 | 830.5
        Shoals |   4.4 |   4.5 |   3.0 |   1.9 |  79.5 | 482.0
  Orcish Mines |   5.2 |   4.9 |  10.6 |   0.9 |  66.5 | 524.5
     Labyrinth |   0.7 |   0.7 |   0.0 |   0.0 |   0.0 | 150.0
      Ice Cave |   2.3 |   2.4 |   0.0 |  13.4 |  35.0 | 509.0
               +-------+-------+-------+-------+-------+----------------------

Table legend:
 A = Kills in this place as a percentage of kills in entire the game.
 B = Kills by you in this place as a percentage of kills by you in the entire game.
 C = Kills by friends in this place as a percentage of kills by friends in the entire game.
 D = Other kills in this place as a percentage of other kills in the entire game.
 E = Experience gained in this place as a percentage of experience gained in the entire game.
 F = Experience gained in this place divided by the number of levels of this place that you have seen.
                   A       B       C       D       E      F
               +-------+-------+-------+-------+-------+----------------------
         Total | 100.0 | 100.0 |   N/A |   N/A | 100.0 | 5938.0
       Dungeon |  65.3 |  65.3 |   N/A |   N/A |  50.5 | 5396.5
          Lair |  17.5 |  17.5 |   N/A |   N/A |  28.3 | 7564.7
        Shoals |   2.7 |   2.7 |   N/A |   N/A |   6.2 | 4935.0
  Orcish Mines |   9.0 |   9.0 |   N/A |   N/A |   7.2 | 5800.5
     Labyrinth |   0.1 |   0.1 |   N/A |   N/A |   0.7 | 1162.0
      Ice Cave |   5.5 |   5.5 |   N/A |   N/A |   7.1 | 11358.0
               +-------+-------+-------+-------+-------+----------------------
